 Dungeon Crawl Stone Soup version 0.28-a0-535-g6f645e4c1d (webtiles) character file.

Game seed: 14222891007266903287

51 Spaninq the Chopper (level 3, 0/33 HPs)
             Began as a Hill Orc Abyssal Knight on Sept 26, 2021.
             Was a Believer of Lugonu.
             Slain by a hobgoblin (5 damage)
             ... led by Robin
             ... on level 2 of the Dungeon.
             The game lasted 00:04:29 (1783 turns).

Spaninq the Chopper (Hill Orc Abyssal Knight)       Turns: 1783, Time: 00:04:29

Health: 0/33       AC:  3    Str: 16    XL:     3   Next: 81%
Magic:  4/4        EV: 11    Int: 10    God:    Lugonu [**....]
Gold:   96         SH:  0    Dex: 11    Spells: 2/2 levels left

rFire   . . .      SeeInvis .   a - +1 hand axe
rCold   + . .      Faith    .   (no shield)
rNeg    . . .      Spirit   .   b - +0 leather armour
rPois   .          Reflect  .   (no helmet)
rElec   .          Harm     .   j - scarf {repulsion}
rCorr   .          Rampage  .   (no gloves)
Will    .....                   (no boots)
Stlth   +.........              (no amulet)
HPRegen 0.11/turn               l - ring of protection from cold
MPRegen 0.09/turn               (no ring)

@: repel missiles
A: no striking features
a: Renounce Religion, Depart the Abyss, Bend Space


You were on level 2 of the Dungeon.
You worshipped Lugonu.
Lugonu was pleased with you.
You visited 1 branch of the dungeon, and saw 2 of its levels.
You visited the Abyss 1 time.

You collected 96 gold pieces.

Inventory:

Hand Weapons
 a - a +1 hand axe (weapon)
Armour
 b - a +0 leather armour (worn)
 j - a scarf of repulsion (worn)
Jewellery
 l - a ring of protection from cold (left hand)
Scrolls
 f - 2 scrolls of enchant armour {unknown}
 g - 2 scrolls of identify {unknown}
 h - 2 scrolls of teleportation {unknown}
 k - a scroll of enchant weapon {unknown}
Potions
 c - a potion of haste {unknown}
 d - 2 potions of heal wounds {unknown}
 e - a potion of berserk rage {unknown}
 i - a potion of degeneration {unknown}


   Skills:
 + Level 4.1 Fighting
 * Level 4.2 Axes
 + Level 2.8 Armour
 - Level 0.7 Dodging
 - Level 2.4 Invocations


You had 2 spell levels left.
You didn't know any spells.
Your spell library was empty.

Dungeon Overview and Level Annotations

Branches:
Dungeon (2/15)

Altars:

Annotations:
D:2 Robin


Message History

Lugonu accepts your kill. The goblin hits you with a +0 dagger.
You barely miss the goblin. The goblin hits you but does no damage.
You barely miss the goblin. The goblin hits you but does no damage.
You closely miss the goblin. The goblin hits you with a +0 dagger.
You closely miss the goblin. The goblin hits you with a +0 dagger.
You closely miss the goblin. The goblin barely misses you.
You see here a rat corpse.
Robin drinks a potion.
Robin flickers and vanishes!
Deactivating autopickup; reactivate with Ctrl-A.
The goblins go into a battle-frenzy!
The hobgoblin no longer looks unusually strong.
The goblin no longer looks unusually strong.
The goblins go into a battle-frenzy!
Found a war axe.
The goblin no longer looks unusually strong.
You see here a +0 war axe.
You hit the goblin.
The goblin is moderately wounded.
The goblin hits you with a +0 dagger.
You barely miss the goblin.
The goblin is moderately wounded.
The goblin closely misses you.
You barely miss the goblin.
The goblin is moderately wounded.
The goblin hits you with a +0 dagger.
You slash the goblin!
You kill the goblin!
Lugonu accepts your kill.
Robin says, "My army is invincible!"
Found a ring mail and a spear.
Robin zaps a wand.
The puff of flame hits you.
Robin roars a battlecry!
The hobgoblin goes into a battle-frenzy!
The hobgoblin hits you.
* * * LOW HITPOINT WARNING * * *
Found a spear.
Found a stone staircase leading up.
There is a stone staircase leading up here.
The hobgoblin hits you.
You die...

#g...gg.g...#
#g#.# ♣♣♣♣♣ #gg.#
.♣♣.♣♣ #)###
...♣.♣♣♣♣♣♣♣ #g#..
#
♣♣♣♣♣.g.†..♣♣#.#.#
.# ♣♣♣♣♣♣♣.♣#.#.#
.# ♣♣)..#)#..#
♣♣#.#@#..#
#..g...# #.#.#.##
###.#.# ###.#.#
#[.g..# #.#.###
♣♣♣♣♣#...# ♣
♣♣......######


You could see Robin and a hobgoblin (strong).

Vanquished Creatures
  A dart slug (D:1)
  6 bats
  3 endoplasms (D:1)
  10 goblins
  6 hobgoblins
  A quokka (D:1)
  7 ball pythons
  4 frilled lizards
  2 kobolds
  5 rats
45 creatures vanquished.

Notes
Turn   | Place    | Note
-------+----------+-------------------------------------------
     0 | Abyss:1  | Spaninq the Hill Orc Abyssal Knight began the quest for the
                  | Orb.
     0 | Abyss:1  | Reached XP level 1. HP: 19/19 MP: 2/2
    56 | Abyss:1  | Noticed a spatial vortex
    79 | Abyss:1  | Noticed a chaos spawn
    82 | Abyss:1  | Noticed a large abomination
    83 | D:1      | Escaped the Abyss
   251 | D:1      | Reached XP level 2. HP: 20/27 MP: 3/3
   475 | D:1      | Reached * piety under Lugonu
  1170 | D:1      | Reached XP level 3. HP: 31/33 MP: 4/4
  1675 | D:2      | Noticed Robin
  1701 | D:2      | Reached ** piety under Lugonu
  1783 | D:2      | Slain by a hobgoblin

Illustrated notes

Levels and vault maps discovered:
D:1:      elethiomel_arrival_infinity_welcomes_careful_drivers, layout_basic,
          minmay_quantized
D:2:      kb_forest_paths, layout_basic, guppyfry_early_lair_pool, uniq_robin

Skill      XL: |  1  2  3 |
---------------+----------+-----
Axes           | 3 4 |  4.2
Fighting       | 4 |  4.1
Armour         | |  2.8
Dodging        | |  0.7
Invocations    | |  2.4

Action                   || total
-------------------------++-------
Melee: Hand axe          ||   140
Invok: Depart the Abyss  ||     1
Armor: Leather armour    ||    35
Dodge: Dodged            ||    67

Table legend: (Time is in decaauts)
 A = Elapsed time spent in this place.
 B = Non-inter-level travel time spent in this place.
 C = Inter-level travel time spent in this place.
 D = Time resting spent in this place.
 E = Time spent auto-exploring this place.
 F = Levels seen in this place.
 G = Mean time per level.
                   A        B        C        D        E       F      G
               +--------+--------+--------+--------+--------+-----+--------+
         Total |   1798 |   1797 |      1 |      0 |   1321 |   3 |  599.3 |
       Dungeon |   1715 |   1714 |      1 |      0 |   1280 |   2 |  857.5 |
         Abyss |     83 |     83 |      0 |      0 |     41 |   1 |   83.0 |
               +--------+--------+--------+--------+--------+-----+--------+

Top non-repeatable levels by time:
     D:1: 1239 daAuts
     D:2: 476 daAuts
 Abyss:1: 83 daAuts
